 Dungeon Crawl Stone Soup version 0.31-a0-983-g7b6862f502 (webtiles) character file.

Game seed: 10034311533635582082

8665 timneilson the Ruffian (level 11, 0/75 HPs)
             Began as an Octopode Shapeshifter on Nov 3, 2023.
             Slain by an orc wizard
             ... wielding a +0 dagger
              (2 damage)
             ... on level 7 of the Dungeon.
             The game lasted 00:19:18 (7890 turns).

timneilson the Ruffian (Octopode Shapeshifter)      Turns: 7890, Time: 00:19:19

Health: 0/75       AC:  1    Str: 17    XL:     11   Next: 34%
Magic:  18/18      EV: 17    Int: 12    God:
Gold:   925        SH:  5    Dex: 17    Spells: 15/19 levels left

rFire   + .          .
                       - Unarmed
rCold   . . .        (shield currently unavailable)
rNeg    . . .        (helmet restricted)
rPois   .            k - amulet of reflection
rElec   +            n - +6 ring of dexterity
rCorr   .            q - ring of protection from fire
SInv    .            (no ring)
Will    .....        (no ring)
Stlth   ++           (no ring)
HPRegen 0.32/turn    (no ring)
MPRegen 0.16/turn    (no ring)
                     (no ring)

%: reflection
@: brilliant, flux-form, glowing
A: glow, contaminating, almost no armour, amphibious, 8 rings, camouflage 1,
gelatinous body 1, (nimble swimmer 1), tentacles, dopey 1, electricity
resistance
a: Begin Untransformation


You were on level 7 of the Dungeon.
You were something dangerously unstable.
You visited 1 branch of the dungeon, and saw 7 of its levels.
You also visited: Bailey.

You collected 925 gold pieces.

Inventory:

Jewellery
 k - an amulet of reflection (around mantle)
 n - a +6 ring of dexterity (left tentacle)
 q - a ring of protection from fire (right tentacle)
Talismans
 b - a beast talisman
 c - a flux talisman (active)
 j - a blade talisman
Wands
 f - a wand of charming (9)
 m - a wand of mindburst (4)
 t - a wand of flame (11)
Scrolls
 a - 2 scrolls of teleportation
 d - a scroll of fog
 i - 3 scrolls of immolation
 p - a scroll of summoning
 r - a scroll of poison
 s - a scroll of revelation
 u - a scroll of blinking
Potions
 e - 2 potions of attraction
 g - 2 potions of mutation
 h - 2 potions of resistance
 l - 2 potions of enlightenment
 o - 2 potions of brilliance
 w - a potion of might {unknown}


   Skills:
 * Level 7.4 Fighting
 * Level 7.7 Dodging
 + Level 7.6 Stealth
 * Level 7.9 Unarmed Combat
 + Level 4.7 Spellcasting
 + Level 3.8 Translocations
 + Level 5.5 Evocations
 * Level 7.3 Shapeshifting


You had 15 spell levels left.
You knew the following spells:

 Your Spells              Type           Power      Damage    Failure   Level
a - Blink                 Tloc           36%        N/A       6%          2
b - Lesser Beckoning      Tloc           36%        N/A       6%          2

Your spell library contained the following spells:

 Spells                   Type           Power      Damage    Failure   Level
 Momentum Strike          Conj/Tloc      22%        3d8       14%         2
 Dazzling Flash           Conj/Hex       8%         N/A       52%         3
 Ozocubu's Armour         Ice            4%         N/A       52%         3
 Agony                    Necr           4%         N/A       99%         5
 Silence                  Hex/Air        2%         N/A       99%         5
 Ozocubu's Refrigeration  Ice            2%         4d7       100%        7


Dungeon Overview and Level Annotations

Branches:
Dungeon (7/15)             Bailey (visited)
 Temple: D:4-7

Altars:
Elyvilon
Makhleb
Okawaru
Trog
Vehumet
Wu Jian
Xom
Yredelemnul
The Shining One


Innate Abilities, Weirdness & Mutations

You are something dangerously unstable.
You glow with magical radiation, making you easy to see and hit.
Foes you strike become dangerously contaminated with magical radiation.
You are incapable of wielding weapons or throwing items.
You cannot wear most types of armour.
You are amphibious.
You can wear up to eight rings at the same time.
Your skin changes colour to match your surroundings (Stealth+).
Your rubbery body absorbs attacks. (AC +1, EV +1)
((You are camouflaged when in or above water. (Stealth+)))
You have tentacles for arms and can constrict up to eight enemies at once.
You are dopey. (Int -2)
You are resistant to electric shocks. (rElec)


Message History

The orc warrior unwields a +0 arbalest.
The orc warrior wields a +0 war axe.
The orc warrior barely misses you.
You tentacle-slap the orc warrior but do no damage.
The orc warrior begins to glow.
You grab the orc warrior. You squeeze the orc warrior.
The orc warrior is moderately wounded.
You constrict the orc warrior, but do no damage.
The orc warrior struggles to escape constriction.
You bludgeon the orc warrior!
The orc warrior glows dangerously bright.
You squeeze the orc warrior, but do no damage.
The orc warrior is heavily wounded.
You constrict the orc warrior, but do no damage.
The orc warrior hits you with a +0 war axe!
* * * LOW HITPOINT WARNING * * *
You tentacle-slap the orc warrior but do no damage.
The orc warrior shudders as magic cascades through it!
The orc warrior twists and deforms.
The orc warrior is almost dead.
You constrict the orc warrior.
The orc warrior struggles to escape constriction.
You tentacle-slap the orc warrior.
You kill the orc warrior!
You bludgeon something!
Reactivating autopickup.
You feel a bit more experienced.
You tentacle-slap the orc.
The orc begins to glow.
You grab the orc. You squeeze the orc.
You kill the orc!
Something hits you.
* * * LOW HITPOINT WARNING * * *
Deactivating autopickup; reactivate with Ctrl-A.
There is an open door, spattered with blood here.
Items here: )))) [[ ††.
Something hits you.
* * * LOW HITPOINT WARNING * * *
It was a potion of brilliance.
You feel clever all of a sudden. Something hits you.
You die...

#####################
........#...........#
...^...p#)..........#
........)...........#
##########....##....#
#.......########...## .
#>.................##
..##...................#
...........[...........#
..##.......##....##....#
..##.......##....##....#


There were no monsters in sight!

Vanquished Creatures
  An orc warlord (Bailey)
  A troll (D:6)
  Eustachio (D:5)
  A vampire mosquito (D:6)
  A water moccasin (D:4)
  3 sky beasts (D:6)
  5 orc warriors
  3 ogres
  2 ice beasts
  A centaur (D:7)
  2 phantoms
  3 bullfrogs
  4 scorpions
  A wight (D:5)
  6 electric eels (D:6)
  A howler monkey (D:5)
  2 jellies
  4 orc priests
  Crazy Yiuf (D:5)
  3 gnoll boudas
  4 hounds
  3 iguanas
  2 sleepcaps (D:6)
  Terence (D:3)
  2 orc wizards
  12 adders
  12 gnolls
  A shadow imp (D:6)
  2 white imps
  3 ufetubi
  A worm (D:2)
  2 dart slugs
  17 orcs
  8 ball pythons
  4 bats
  7 endoplasms
  7 giant cockroaches
  18 goblins
  12 hobgoblins
  3 jackals (D:1)
  5 quokkas
  4 frilled lizards (D:2)
  18 kobolds
  7 rats
201 creatures vanquished.

Vanquished Creatures (others)
  An orc (D:7)
1 creature vanquished.

Grand Total: 202 creatures vanquished

Notes
Turn   | Place    | Note
-------+----------+-------------------------------------------
     0 | D:1      | timneilson the Octopode Shapeshifter began the quest for
                  | the Orb.
     0 | D:1      | Reached XP level 1. HP: 13/13 MP: 1/1
   152 | D:1      | Reached XP level 2. HP: 14/18 MP: 2/2
   392 | D:1      | Reached XP level 3. HP: 20/23 MP: 3/3
   877 | D:2      | Reached skill level 1 in Stealth
  1017 | D:2      | Reached XP level 4. HP: 17/28 MP: 4/4
  1463 | D:2      | Identified a scroll of acquirement
  1469 | D:2      | Acquired 493 gold pieces
  1564 | D:3      | Found a glowing golden altar of the Shining One.
  1564 | D:3      | Noticed Terence
  1626 | D:3      | Killed Terence
  1740 | D:3      | Reached XP level 5. HP: 30/34 MP: 6/6
  1997 | D:3      | Reached skill level 1 in Spellcasting
  2402 | D:4      | Reached skill level 1 in Evocations
  2404 | D:4      | Reached XP level 6. HP: 31/40 MP: 7/7
  2467 | D:4      | Found a basalt altar of Yredelemnul.
  2857 | D:4      | Noticed a water moccasin
  2870 | D:4      | Killed a water moccasin
  2871 | D:4      | Reached XP level 7. HP: 22/45 MP: 9/9
  2975 | D:4      | Found a white marble altar of Elyvilon.
  3485 | D:4      | Found a burning altar of Makhleb.
  3529 | D:4      | Found a shimmering altar of Xom.
  3531 | D:4      | Found a blossoming altar of Fedhas.
  3531 | D:4      | Found a shimmering altar of Xom.
  3533 | D:4      | Found a sparkling altar of Nemelex Xobeh.
  3533 | D:4      | Found a hazy altar of Hepliaklqana.
  3533 | D:4      | Found a shimmering altar of Xom.
  3657 | D:5      | Entered Level 5 of the Dungeon
  3725 | D:5      | Found a runed translucent door.
  3726 | D:5      | Noticed Crazy Yiuf
  4091 | D:5      | Reached XP level 8. HP: 37/52 MP: 11/11
  4157 | D:5      | Noticed Eustachio
  4167 | D:5      | Killed Eustachio
  4434 | D:5      | Found a radiant altar of Vehumet.
  4436 | D:5      | Found a bloodstained altar of Trog.
  4436 | D:5      | Found an ornate altar of the Wu Jian Council.
  4556 | D:5      | Reached skill level 5 in Unarmed Combat
  4571 | D:5      | Gained mutation: You are resistant to electric shocks.
                  | (rElec) [potion of mutation]
  4571 | D:5      | Gained mutation: You are dopey. (Int -2) [potion of
                  | mutation]
  4841 | D:5      | Found an iron altar of Okawaru.
  5092 | D:5      | Killed Crazy Yiuf
  5214 | D:5      | Reached skill level 5 in Shapeshifting
  5345 | D:5      | Reached skill level 5 in Dodging
  5644 | D:6      | Reached XP level 9. HP: 55/59 MP: 13/13
  5825 | D:6      | Reached skill level 5 in Stealth
  5998 | D:6      | Learned a level 2 spell: Blink
  6001 | D:6      | Learned a level 2 spell: Lesser Beckoning
  6284 | D:6      | Identified the +2 helmet of Autotheism {Rampage *Corrode
                  | rC+ Dex+4}
  6342 | D:6      | Reached skill level 5 in Fighting
  6561 | D:6      | Reached skill level 1 in Translocations
  6868 | D:7      | Found a flagged portal.
  6874 | D:7      | Noticed a troll
  7075 | D:6      | Killed a troll
  7252 | Bailey   | Entered a bailey
  7300 | Bailey   | Noticed an orc warlord
  7440 | Bailey   | Reached XP level 10. HP: 64/68 MP: 15/15
  7466 | Bailey   | Found a runed translucent gate.
  7468 | Bailey   | Found a runed translucent gate.
  7470 | Bailey   | Found a runed translucent gate.
  7622 | Bailey   | Killed an orc warlord
  7779 | Bailey   | Reached skill level 5 in Evocations
  7779 | Bailey   | Reached XP level 11. HP: 75/75 MP: 15/18
  7889 | D:7      | HP: 2/75 [something (2)]
  7890 | D:7      | Slain by an orc wizard

Illustrated notes

Levels and vault maps discovered:
D:1:      scummos_arrival_simple_crosswalls, layout_basic
D:2:      layout_loops_ring
D:3:      layout_basic, mainiacjoe_overflow_chevrons, uniq_terence
D:4:      layout_loops_corners, mainiacjoe_overflow_swirl,
          nicolae_elyvilon_peaceful_grove, doesnt_xom_only_xom
D:5:      minmay_angry_zag, layout_loops_ring,
          nicolae_overflow_quartered_altars, uniq_crazy_yiuf_cottage,
          uniq_eustachio
D:6:      cheibrodos_two_vegetables, layout_loops_ring, corexii_corridor_pit,
          st_stairs_10, nicolae_water_bricks
D:7:      layout_gridville, lemuel_tele_altar, minmay_temple_entry_mini_moons,
          enter_bailey_5

Skill      XL: |  1  2  3  4  5  6  7  8  9 10 |
---------------+-------------------------------+-----
Stealth        | 1 2 3 4 5 7 |  7.6
Dodging        | 3 4 5 6 7 |  7.7
Fighting       | 2 3 4 5 7 |  7.4
Spellcasting   | 1 2 3 4 |  4.7
Evocations     | 1 2 3 4 5 |  5.5
Unarmed Combat | 4 5 6 7 |  7.9
Shapeshifting  | 4 5 6 7 |  7.3
Translocations | 2 3 |  3.8

Action                     |  1- 3 |  4- 6 |  7- 9 | 10-12 || total
---------------------------+-------+-------+-------+-------++-------
  Melee: Unarmed           |    85 |    89 |   271 |    50 ||   495
         Constrict         |    21 |    25 |    65 |     8 ||   119
         Tentacles         |    16 |    21 |    74 |    16 ||   127
         Punch             |     2 |     2 |    14 |     4 ||    22
  Evoke: Wand              |       |       |    11 |     4 ||    15
    Use: Scroll            |     3 |     7 |     6 |       ||    16
         Potion            |       |     3 |     5 |     7 ||    15
   Stab: Sleeping          |     8 |    11 |     9 |     2 ||    30
         Distracted        |       |     1 |     2 |       ||     3
 Armour: Skin              |    31 |    28 |   134 |    20 ||   213
  Dodge: Dodged            |    40 |    41 |   157 |    16 ||   254
  Block: Other             |       |     8 |    39 |     7 ||    54
         Reflection        |       |       |     1 |     1 ||     2
   Form: Flux              |       |       |       |     1 ||     1

Table legend: (Time is in decaauts)
 A = Elapsed time spent in this place.
 B = Non-inter-level travel time spent in this place.
 C = Inter-level travel time spent in this place.
 D = Time resting spent in this place.
 E = Time spent auto-exploring this place.
 F = Levels seen in this place.
 G = Mean time per level.
                   A        B        C        D        E       F      G
               +--------+--------+--------+--------+--------+-----+--------+
         Total |   7849 |   7563 |    286 |    984 |   4534 |   8 |  981.1 |
       Dungeon |   7327 |   7041 |    286 |    904 |   4411 |   7 | 1046.7 |
        Bailey |    522 |    522 |      0 |     80 |    123 |   1 |  522.0 |
               +--------+--------+--------+--------+--------+-----+--------+

Top non-repeatable levels by time:
     D:5: 1808 daAuts
     D:6: 1740 daAuts
     D:4: 1305 daAuts
     D:3: 870 daAuts
     D:1: 749 daAuts
     D:2: 718 daAuts
  Bailey: 522 daAuts
     D:7: 136 daAuts
